Devils vs Sabres
Created - 8 avril 2013 at 19:13
Goals
|
| Devils |
1 |
0 |
1 |
2 |
| Sabres |
2 |
0 |
1 |
3 |
|
Shots
|
| Devils |
12 |
5 |
11 |
28 |
| Sabres |
9 |
15 |
13 |
37 |
|
1st period
1. Sabres , Mats Sundin 30 (Daniel Alfredsson) at 10:33
2. Devils , Henrik Zetterberg 29 (Chris Pronger, Marian Hossa) at 16:04 (PP)
3. Sabres , Markus Naslund 35 (Brendan Morrison, Niclas Havelid) at 16:59
Penalties :
Chris Simon (Buf) for Roughing (Minor) at 4:08, Mats Sundin (Buf) for Hooking (Minor) at 6:38, Doug Weight (NJD) for Roughing (Minor) at 6:38, Sean Avery (Buf) for Interference (Minor) at 15:24
2nd period
No Goal
Penalties :
Jason Williams (NJD) for Holding (Minor) at 15:59
3rd period
4. Devils , Olli Jokinen 14 (Sergei Zubov, Peter Prucha) at 9:37
5. Sabres , Daniel Alfredsson 19 (Mats Sundin) at 14:04
Penalties :
Olli Jokinen (NJD) for Interference (Minor) at 15:43, Marian Hossa (NJD) for Roughing (Minor) at 19:15
Goalie Stats
Jimmy Howard (NJD), 34 saves from 37 shots - (0,919), L, 24-19-3, 60:00 minutes
Niklas Backstrom (Buf), 26 saves from 28 shots - (0,929), W, 32-24-5, 60:00 minutes
Players Stats for Devils
Player Name G A P +/- PIM S H SB GA TA FO MP PP MP PK MP
------------------------------------------------------------------------------------
Anze Kopitar 0 0 0 -1 0 6 2 1 0 2 16/36 20:03 1:28 0:56
Ben Lovejoy 0 0 0 -2 0 0 2 0 0 0 0/0 16:54 1:29 0:00
Chris Kunitz 0 0 0 1 0 3 3 1 0 0 0/0 12:14 0:00 1:01
Chris Pronger 0 1 1 -2 0 0 1 1 1 2 0/0 24:44 1:10 2:58
Doug Weight 0 0 0 -2 2 1 0 1 0 0 10/17 15:57 0:00 2:45
Greg De Vries 0 0 0 0 0 1 0 4 0 0 0/0 22:34 0:00 1:44
Henrik Zetterberg 1 0 1 -1 0 4 5 0 2 2 0/0 21:09 1:11 1:01
Jason Williams 0 0 0 0 2 1 1 0 0 2 1/6 9:07 0:00 0:00
Marian Hossa 0 1 1 -2 2 1 1 1 1 1 1/2 17:10 1:11 0:56
Olli Jokinen 1 0 1 1 2 1 0 0 0 1 4/11 13:37 1:11 0:00
Peter Prucha 0 1 1 1 0 0 2 0 0 0 0/1 10:56 0:15 0:00
Radek Dvorak 0 0 0 0 0 0 0 2 0 0 0/0 8:43 0:00 0:00
Raffi Torres 0 0 0 0 0 0 0 0 0 0 0/0 8:43 0:00 0:00
Ramzi Abid 0 0 0 -2 0 3 0 0 2 1 2/3 14:31 1:28 0:00
Richard Matvichuk 0 0 0 0 0 0 2 2 0 0 0/0 11:26 0:00 0:00
Roman Hamrlik 0 0 0 0 0 1 0 3 1 1 0/0 18:30 1:10 2:58
Sergei Zubov 0 1 1 0 0 4 2 0 1 1 0/0 25:52 1:29 1:44
Teemu Selanne 0 0 0 -1 0 2 0 0 0 0 0/3 21:05 1:13 2:45
Players Stats for Sabres
Player Name G A P +/- PIM S H SB GA TA FO MP PP MP PK MP
------------------------------------------------------------------------------------
Boyd Devereaux 0 0 0 0 0 4 2 0 2 0 7/11 12:25 0:00 1:20
Brendan Morrison 0 1 1 1 0 4 2 1 0 1 15/30 19:00 2:21 0:00
Chris Simon 0 0 0 1 2 1 0 1 0 0 0/2 15:18 0:00 0:00
Dan McGillis 0 0 0 0 0 0 2 1 1 3 0/0 22:18 0:00 1:24
Daniel Alfredsson 1 1 2 1 0 4 1 0 2 0 1/1 20:45 2:21 1:20
Daniel Cleary 0 0 0 1 0 3 1 0 0 0 0/1 17:43 2:21 0:00
Dominic Moore 0 0 0 0 0 0 1 0 0 0 3/4 9:51 0:00 1:19
Jason Smith 0 0 0 2 0 1 1 1 1 0 0/0 23:51 2:00 1:15
Kyle Calder 0 0 0 0 0 2 3 0 0 1 0/0 13:22 2:21 0:00
Markus Naslund 1 0 1 1 0 4 1 0 2 1 0/0 20:27 2:21 1:19
Mats Sundin 1 1 2 1 2 3 1 0 1 2 18/29 18:43 2:21 0:00
Mattias Timander 0 0 0 0 0 3 0 1 1 0 0/0 13:51 2:42 0:00
Michal Rozsival 0 0 0 0 0 1 1 2 2 0 0/0 25:37 2:42 1:24
Niclas Havelid 0 1 1 2 0 1 1 0 0 0 0/0 23:21 2:00 1:15
Niklas Sundstrom 0 0 0 0 0 4 0 0 0 0 1/1 10:50 0:00 0:00
Sean Avery 0 0 0 0 2 0 0 0 1 0 0/0 8:27 0:00 0:00
Stanislav Neckar 0 0 0 0 0 1 0 0 0 0 0/0 11:02 0:00 0:00
Tomas Kopecky 0 0 0 0 0 1 0 0 0 0 0/0 8:28 0:00 0:00
3 Stars
1 - Daniel Alfredsson (Buf)
2 - Mats Sundin (Buf)
3 - Henrik Zetterberg (NJD)
Power Play
Devils - 1 on 2 Attempt(s) - 50,00%
Sabres - 0 on 3 Attempt(s) - 0,00%
Penalty Kill
Devils - 3 on 3 Attempt(s) - 100,00%
- Score 0 goal in Penalty Kill
Sabres - 1 on 2 Attempt(s) - 50,00%
- Score 0 goal in Penalty Kill
Official
Referees : StLaurent Francois and Hasenfratz Mike
Linesman : Brad Kovachik and Derek Amell
Game Notes
Anze Kopitar is injured at 18:10 of 3rd period (Sprained Right Finger)
Finance
Level 1 -- Attendance: 6000 (100,00%) -- Ticket Income 510 000 $
Level 2 -- Attendance: 4611 (92,22%) -- Ticket Income 230 550 $
Level 3 -- Attendance: 2000 (100,00%) -- Ticket Income 60 000 $
Level 4 -- Attendance: 3541 (88,53%) -- Ticket Income 63 738 $
Luxury Box -- Attendance: 736 (73,60%) -- Ticket Income 132 480 $
Game was played at the Duff Garden
Total Attendance: 16888 (93,82%)
Total Ticket Income: 996 768 $
Total Income: 996 768 $
Devils
5 vs 5 Forward
Center Left Wing Right Wing Time % Phy DF OF
1 Anze Kopitar Henrik Zetterberg Teemu Selanne 40 0 2 3
2 Doug Weight Ramzi Abid Marian Hossa 30 0 2 3
3 Olli Jokinen Chris Kunitz Peter Prucha 20 0 2 3
4 Jason Williams Raffi Torres Radek Dvorak 10 0 4 1
5 vs 5 Defense
Defense Defense Time % Phy DF OF
1 Sergei Zubov Greg De Vries 40 0 2 3
2 Chris Pronger Ben Lovejoy 30 0 2 3
3 Richard Matvichuk Roman Hamrlik 20 0 2 3
4 Roman Hamrlik Chris Pronger 10 0 2 3
PowerPlay Forward
Center Left Wing Right Wing Time % Phy DF OF
1 Anze Kopitar Ramzi Abid Teemu Selanne 60 0 1 4
2 Olli Jokinen Henrik Zetterberg Marian Hossa 40 0 1 4
PowerPlay Defense
Defense Defense Time % Phy DF OF
1 Sergei Zubov Ben Lovejoy 60 1 2 2
2 Chris Pronger Roman Hamrlik 40 1 2 2
Penalty Kill 4 Players Forward
Center Wing Time % Phy DF OF
1 Doug Weight Teemu Selanne 60 0 3 2
2 Anze Kopitar Marian Hossa 40 0 3 2
Penalty Kill 4 Players Defense
Defense Defense Time % Phy DF OF
1 Chris Pronger Roman Hamrlik 60 0 4 1
2 Greg De Vries Sergei Zubov 40 0 4 1
Penalty Kill - 3 Players Forward
Forward Time % Phy DF OF
1 Doug Weight 60 1 2 2
2 Olli Jokinen 40 1 2 2
Penalty Kill - 3 Players Defense
Defense Defense Time % Phy DF OF
1 Sergei Zubov Greg De Vries 60 1 3 1
2 Chris Pronger Richard Matvichuk 40 1 3 1
4 vs 4 Forward
Center Wing Time % Phy DF OF
1 Olli Jokinen Marian Hossa 60 1 2 2
2 Anze Kopitar Henrik Zetterberg 40 1 2 2
4 vs 4 Defense
Defense Defense Time % Phy DF OF
1 Sergei Zubov Ben Lovejoy 60 1 2 2
2 Chris Pronger Richard Matvichuk 40 1 2 2
Last Minutes Offensive
Center Left Wing Right Wing Defense Defense
Anze Kopitar Henrik Zetterberg Marian Hossa Sergei Zubov Chris Pronger
Last Minutes Defensive
Center Left Wing Right Wing Defense Defense
Anze Kopitar Henrik Zetterberg Marian Hossa Sergei Zubov Chris Pronger
Goaltenders
Starting : Jimmy Howard
Backup : Dan Ellis
Extra Forwards
Normal : Olli Jokinen, Marian Hossa, Peter Prucha - PP : Olli Jokinen, Peter Prucha - PK : Henrik Zetterberg
Extra Defensemen
Normal : Greg De Vries, Ben Lovejoy, Roman Hamrlik - PP : Richard Matvichuk - PK : Ben Lovejoy, Richard Matvichuk
Penalty Shots
Anze Kopitar, Henrik Zetterberg, Ramzi Abid, Teemu Selanne, Marian Hossa
Sabres
5 vs 5 Forward
Center Left Wing Right Wing Time % Phy DF OF
1 Mats Sundin Chris Simon Daniel Alfredsson 32 2 1 2
2 Brendan Morrison Markus Naslund Daniel Cleary 32 1 2 2
3 Boyd Devereaux Kyle Calder Niklas Sundstrom 20 1 3 1
4 Dominic Moore Sean Avery Tomas Kopecky 16 2 3 0
5 vs 5 Defense
Defense Defense Time % Phy DF OF
1 Jason Smith Niclas Havelid 38 1 3 1
2 Dan McGillis Michal Rozsival 38 1 3 1
3 Mattias Timander Stanislav Neckar 24 1 3 1
4 Mattias Timander Stanislav Neckar 0 1 3 1
PowerPlay Forward
Center Left Wing Right Wing Time % Phy DF OF
1 Brendan Morrison Markus Naslund Daniel Cleary 50 1 0 4
2 Mats Sundin Kyle Calder Daniel Alfredsson 50 1 0 4
PowerPlay Defense
Defense Defense Time % Phy DF OF
1 Mattias Timander Michal Rozsival 50 1 1 3
2 Jason Smith Niclas Havelid 50 1 1 3
Penalty Kill 4 Players Forward
Center Wing Time % Phy DF OF
1 Dominic Moore Markus Naslund 50 1 3 1
2 Boyd Devereaux Daniel Alfredsson 50 1 3 1
Penalty Kill 4 Players Defense
Defense Defense Time % Phy DF OF
1 Jason Smith Niclas Havelid 50 1 4 0
2 Dan McGillis Michal Rozsival 50 1 4 0
Penalty Kill - 3 Players Forward
Forward Time % Phy DF OF
1 Daniel Alfredsson 60 1 4 0
2 Markus Naslund 40 1 4 0
Penalty Kill - 3 Players Defense
Defense Defense Time % Phy DF OF
1 Jason Smith Niclas Havelid 60 1 4 0
2 Dan McGillis Michal Rozsival 40 1 4 0
4 vs 4 Forward
Center Wing Time % Phy DF OF
1 Mats Sundin Daniel Alfredsson 50 1 1 3
2 Brendan Morrison Markus Naslund 50 1 1 3
4 vs 4 Defense
Defense Defense Time % Phy DF OF
1 Dan McGillis Michal Rozsival 50 1 3 1
2 Jason Smith Niclas Havelid 50 1 3 1
Last Minutes Offensive
Center Left Wing Right Wing Defense Defense
Mats Sundin Markus Naslund Daniel Alfredsson Jason Smith Michal Rozsival
Last Minutes Defensive
Center Left Wing Right Wing Defense Defense
Mats Sundin Markus Naslund Daniel Alfredsson Jason Smith Michal Rozsival
Goaltenders
Starting : Niklas Backstrom
Backup : Vesa Toskala
Extra Forwards
Normal : Mats Sundin, Brendan Morrison, Daniel Alfredsson - PP : Chris Simon, Boyd Devereaux - PK : Daniel Cleary
Extra Defensemen
Normal : Jason Smith, Michal Rozsival, Dan McGillis - PP : Dan McGillis - PK : Mattias Timander, Stanislav Neckar
Penalty Shots
Daniel Alfredsson, Markus Naslund, Mats Sundin, Brendan Morrison, Kyle Calder
% Time on Ice - Devils
Lines # - Real PCT - Wanted PCT - Time Play
Normal Forward
1 - 35% - 40% - 17:39
2 - 26% - 30% - 13:07
3 - 21% - 20% - 10:41
4 - 17% - 10% - 8:43
Normal Defense
1 - 42% - 40% - 21:17
2 - 31% - 30% - 15:26
3 - 20% - 20% - 9:54
4 - 7% - 10% - 3:33
PP Forward
1 - 55% - 60% - 1:28
2 - 45% - 40% - 1:11
PP Defense
1 - 56% - 60% - 1:29
2 - 44% - 40% - 1:10
PK Forward
1 - 77% - 60% - 3:38
2 - 23% - 40% - 1:04
PK Defense
1 - 63% - 60% - 2:58
2 - 37% - 40% - 1:44
PK3 Forward
1 - 0% - 60%
2 - 0% - 40%
PK3 Defense
1 - 0% - 60%
2 - 0% - 40%
44 Forward
1 - 63% - 60% - 1:15
2 - 37% - 40% - 0:44
44 Defense
1 - 66% - 60% - 1:19
2 - 34% - 40% - 0:40
Last Minute Offensive - 0:30
Last Minute Defensive - 0:00
Total
Forward - 60:00
Defense - 60:00
|
% Time on Ice - Sabres
Lines # - Real PCT - Wanted PCT - Time Play
Normal Forward
1 - 31% - 32% - 15:19
2 - 31% - 32% - 15:33
3 - 22% - 20% - 10:50
4 - 17% - 16% - 8:28
Normal Defense
1 - 39% - 38% - 19:34
2 - 39% - 38% - 19:34
3 - 22% - 24% - 11:02
4 - 0% - 0% - 0:00
PP Forward
1 - 50% - 50% - 2:21
2 - 50% - 50% - 2:21
PP Defense
1 - 57% - 50% - 2:42
2 - 43% - 50% - 2:00
PK Forward
1 - 50% - 50% - 1:19
2 - 50% - 50% - 1:20
PK Defense
1 - 47% - 50% - 1:15
2 - 53% - 50% - 1:24
PK3 Forward
1 - 0% - 60%
2 - 0% - 40%
PK3 Defense
1 - 0% - 60%
2 - 0% - 40%
44 Forward
1 - 57% - 50% - 1:08
2 - 43% - 50% - 0:51
44 Defense
1 - 56% - 50% - 1:07
2 - 44% - 50% - 0:52
Last Minute Offensive - 0:00
Last Minute Defensive - 0:30
Total
Forward - 60:00
Defense - 60:00
|
Play by Play
1st period
0:01 of 1st period - Mats Sundin wins face-off versus Anze Kopitar in neutral zone.
0:04 of 1st period - Snap shot by Daniel Alfredsson.
0:04 of 1st period - Shot Misses the Net.
0:10 of 1st period - Wrist shot by Henrik Zetterberg.
0:10 of 1st period - Deflect By Anze Kopitar.
0:10 of 1st period - Shot Misses the Net.
0:10 of 1st period - Puck is out of play.
0:11 of 1st period - Ramzi Abid wins face-off versus Brendan Morrison in Sabres zone.
0:44 of 1st period - Snap shot by Peter Prucha.
0:44 of 1st period - Shot Misses the Net.
1:17 of 1st period - Greg De Vries is hit by Mats Sundin.
1:36 of 1st period - Off-side.
1:37 of 1st period - Doug Weight wins face-off versus Brendan Morrison in neutral zone.
1:59 of 1st period - Icing by Jason Smith.
2:00 of 1st period - Anze Kopitar wins face-off versus Brendan Morrison in Sabres zone.
3:04 of 1st period - Snap shot by Henrik Zetterberg.
3:04 of 1st period - Shot Blocked by Jason Smith.
3:10 of 1st period - Snap shot by Henrik Zetterberg.
3:10 of 1st period - Shot Misses the Net.
3:12 of 1st period - Slapshot by Greg De Vries.
3:12 of 1st period - Deflect By Henrik Zetterberg.
3:12 of 1st period - Shot Misses the Net.
3:12 of 1st period - Puck is out of play.
3:13 of 1st period - Mats Sundin wins face-off versus Olli Jokinen in Sabres zone.
3:19 of 1st period - Off-side.
3:20 of 1st period - Olli Jokinen wins face-off versus Mats Sundin in neutral zone.
3:35 of 1st period - Off-side.
3:36 of 1st period - Ramzi Abid wins face-off versus Boyd Devereaux in neutral zone.
4:08 of 1st period - Minor Penalty to Chris Simon for Roughing.
4:09 of 1st period - Dominic Moore wins face-off versus Anze Kopitar in Sabres zone.
4:09 of 1st period - Dominic Moore is hit by Anze Kopitar.
4:25 of 1st period - Wrist shot by Anze Kopitar.
4:25 of 1st period - Stopped by Niklas Backstrom with a rebound.
4:35 of 1st period - Dominic Moore is hit by Ben Lovejoy.
5:07 of 1st period - Snap shot by Henrik Zetterberg.
5:07 of 1st period - Shot Blocked by Dan McGillis.
5:09 of 1st period - Wrist shot by Ben Lovejoy.
5:09 of 1st period - Shot Misses the Net.
6:08 of 1st period - Penalty to Chris Simon is over, Chris Simon is back on ice.
6:38 of 1st period - Minor Penalty to Mats Sundin for Hooking.
6:38 of 1st period - Minor Penalty to Doug Weight for Roughing.
6:39 of 1st period - Olli Jokinen wins face-off versus Brendan Morrison in Sabres zone.
6:42 of 1st period - Slapshot by Sergei Zubov.
6:42 of 1st period - Deflect By Daniel Alfredsson.
6:42 of 1st period - Stopped by Niklas Backstrom without a rebound.
6:43 of 1st period - Brendan Morrison wins face-off versus Olli Jokinen in Sabres zone.
6:56 of 1st period - Wrist shot by Daniel Alfredsson.
6:56 of 1st period - Shot Misses the Net.
7:34 of 1st period - Wrist shot by Henrik Zetterberg.
7:34 of 1st period - Deflect By Anze Kopitar.
7:34 of 1st period - Stopped by Niklas Backstrom with a rebound.
7:46 of 1st period - Snap shot by Henrik Zetterberg.
7:46 of 1st period - Stopped by Niklas Backstrom without a rebound.
7:47 of 1st period - Brendan Morrison wins face-off versus Olli Jokinen in Sabres zone.
8:02 of 1st period - Jason Smith is hit by Ben Lovejoy and loses puck.
8:27 of 1st period - Markus Naslund is hit by Marian Hossa and loses puck.
8:38 of 1st period - Penalty to Mats Sundin is over, Mats Sundin is back on ice.
8:38 of 1st period - Penalty to Doug Weight is over, Doug Weight is back on ice.
9:06 of 1st period - Wrist shot by Daniel Alfredsson.
9:06 of 1st period - Shot Blocked by Radek Dvorak.
9:08 of 1st period - Wrist shot by Daniel Alfredsson.
9:08 of 1st period - Shot Misses the Net.
9:10 of 1st period - Slapshot by Stanislav Neckar.
9:10 of 1st period - Stopped by Jimmy Howard with a rebound.
9:21 of 1st period - Icing by Henrik Zetterberg.
9:22 of 1st period - Boyd Devereaux wins face-off versus Teemu Selanne in Devils zone.
9:29 of 1st period - Wrist shot by Boyd Devereaux.
9:29 of 1st period - Stopped by Jimmy Howard without a rebound.
9:30 of 1st period - Mats Sundin wins face-off versus Anze Kopitar in Devils zone.
9:55 of 1st period - Snap shot by Markus Naslund.
9:55 of 1st period - Stopped by Jimmy Howard without a rebound.
9:56 of 1st period - Doug Weight wins face-off versus Brendan Morrison in Devils zone.
9:56 of 1st period - Doug Weight is hit by Brendan Morrison.
10:11 of 1st period - Off-side.
10:12 of 1st period - Mats Sundin wins face-off versus Anze Kopitar in neutral zone.
10:23 of 1st period - Wrist shot by Mats Sundin.
10:23 of 1st period - Shot Misses the Net.
10:25 of 1st period - Snap shot by Daniel Alfredsson.
10:25 of 1st period - Stopped by Jimmy Howard without a rebound.
10:26 of 1st period - Mats Sundin wins face-off versus Doug Weight in Devils zone.
10:33 of 1st period - Snap shot by Mats Sundin.
10:33 of 1st period - Goal by Mats Sundin - Devils : 0 - Sabres : 1.
10:34 of 1st period - Anze Kopitar wins face-off versus Mats Sundin in neutral zone.
11:01 of 1st period - Brendan Morrison is hit by Sergei Zubov and loses puck.
11:26 of 1st period - Wrist shot by Peter Prucha.
11:26 of 1st period - Shot Blocked by Michal Rozsival.
11:43 of 1st period - Icing by Stanislav Neckar.
11:44 of 1st period - Boyd Devereaux wins face-off versus Jason Williams in Sabres zone.
12:46 of 1st period - Icing by Marian Hossa.
12:47 of 1st period - Brendan Morrison wins face-off versus Olli Jokinen in Devils zone.
12:58 of 1st period - Ben Lovejoy is hit by Brendan Morrison.
13:12 of 1st period - Wrist shot by Daniel Alfredsson.
13:12 of 1st period - Stopped by Jimmy Howard without a rebound.
13:13 of 1st period - Anze Kopitar wins face-off versus Chris Simon in Devils zone.
13:24 of 1st period - Snap shot by Henrik Zetterberg.
13:24 of 1st period - Stopped by Niklas Backstrom without a rebound.
13:25 of 1st period - Anze Kopitar wins face-off versus Mats Sundin in Sabres zone.
13:26 of 1st period - Snap shot by Henrik Zetterberg.
13:26 of 1st period - Deflect By Anze Kopitar.
13:26 of 1st period - Stopped by Niklas Backstrom without a rebound.
13:27 of 1st period - Mats Sundin wins face-off versus Teemu Selanne in Sabres zone.
13:57 of 1st period - Off-side.
13:58 of 1st period - Doug Weight wins face-off versus Brendan Morrison in neutral zone.
14:13 of 1st period - Slapshot by Ramzi Abid.
14:13 of 1st period - Stopped by Niklas Backstrom without a rebound.
14:14 of 1st period - Dominic Moore wins face-off versus Anze Kopitar in Sabres zone.
14:45 of 1st period - Slapshot by Sergei Zubov.
14:45 of 1st period - Stopped by Niklas Backstrom without a rebound.
14:46 of 1st period - Brendan Morrison wins face-off versus Doug Weight in Sabres zone.
15:01 of 1st period - Wrist shot by Brendan Morrison.
15:01 of 1st period - Shot Blocked by Roman Hamrlik.
15:03 of 1st period - Slapshot by Niclas Havelid.
15:03 of 1st period - Stopped by Jimmy Howard without a rebound.
15:04 of 1st period - Anze Kopitar wins face-off versus Mats Sundin in Devils zone.
15:24 of 1st period - Minor Penalty to Sean Avery for Interference.
15:25 of 1st period - Boyd Devereaux wins face-off versus Anze Kopitar in Sabres zone.
15:52 of 1st period - Icing by Sergei Zubov.
15:53 of 1st period - Boyd Devereaux wins face-off versus Olli Jokinen in Devils zone.
16:02 of 1st period - Snap shot by Marian Hossa.
16:02 of 1st period - Shot Misses the Net.
16:04 of 1st period - Slapshot by Chris Pronger.
16:04 of 1st period - Deflect By Henrik Zetterberg.
16:04 of 1st period - Goal by Henrik Zetterberg - Devils : 1 - Sabres : 1.
16:05 of 1st period - Mats Sundin wins face-off versus Doug Weight in neutral zone.
16:20 of 1st period - Snap shot by Mats Sundin.
16:20 of 1st period - Shot Blocked by Greg De Vries.
16:59 of 1st period - Snap shot by Markus Naslund.
16:59 of 1st period - Goal by Markus Naslund - Devils : 1 - Sabres : 2.
17:00 of 1st period - Anze Kopitar wins face-off versus Mats Sundin in neutral zone.
17:07 of 1st period - Wrist shot by Henrik Zetterberg.
17:07 of 1st period - Stopped by Niklas Backstrom without a rebound.
17:08 of 1st period - Mats Sundin wins face-off versus Anze Kopitar in Sabres zone.
17:15 of 1st period - Henrik Zetterberg is hit by Daniel Alfredsson and loses puck.
18:26 of 1st period - Wrist shot by Teemu Selanne.
18:26 of 1st period - Stopped by Niklas Backstrom without a rebound.
18:27 of 1st period - Brendan Morrison wins face-off versus Peter Prucha in Sabres zone.
18:36 of 1st period - Slapshot by Chris Kunitz.
18:36 of 1st period - Shot Misses the Net.
18:38 of 1st period - Slapshot by Roman Hamrlik.
18:38 of 1st period - Stopped by Niklas Backstrom without a rebound.
18:39 of 1st period - Brendan Morrison wins face-off versus Olli Jokinen in Sabres zone.
18:44 of 1st period - Snap shot by Daniel Cleary.
18:44 of 1st period - Stopped by Jimmy Howard with a rebound.
19:25 of 1st period - Dominic Moore is hit by Richard Matvichuk and loses puck.
19:34 of 1st period - Chris Pronger is hit by Jason Smith.
19:38 of 1st period - Jason Smith is hit by Jason Williams.
2nd period
0:01 of 2nd period - Boyd Devereaux wins face-off versus Anze Kopitar in neutral zone.
0:06 of 2nd period - Chris Pronger is hit by Boyd Devereaux and loses puck.
0:13 of 2nd period - Teemu Selanne is hit by Kyle Calder and loses puck.
0:26 of 2nd period - Slapshot by Ramzi Abid.
0:26 of 2nd period - Shot Misses the Net.
0:28 of 2nd period - Snap shot by Doug Weight.
0:28 of 2nd period - Shot Misses the Net.
0:30 of 2nd period - Slapshot by Ramzi Abid.
0:30 of 2nd period - Shot Misses the Net.
0:32 of 2nd period - Snap shot by Greg De Vries.
0:32 of 2nd period - Stopped by Niklas Backstrom without a rebound.
0:33 of 2nd period - Brendan Morrison wins face-off versus Doug Weight in Sabres zone.
0:38 of 2nd period - Snap shot by Markus Naslund.
0:38 of 2nd period - Stopped by Jimmy Howard with a rebound.
0:40 of 2nd period - Slapshot by Mattias Timander.
0:40 of 2nd period - Stopped by Jimmy Howard with a rebound.
0:42 of 2nd period - Slapshot by Mattias Timander.
0:42 of 2nd period - Shot Blocked by Greg De Vries.
0:44 of 2nd period - Slapshot by Mattias Timander.
0:44 of 2nd period - Stopped by Jimmy Howard without a rebound.
0:45 of 2nd period - Anze Kopitar wins face-off versus Boyd Devereaux in Devils zone.
0:45 of 2nd period - Anze Kopitar is hit by Michal Rozsival.
0:56 of 2nd period - Icing by Anze Kopitar.
0:57 of 2nd period - Brendan Morrison wins face-off versus Anze Kopitar in Devils zone.
1:02 of 2nd period - Wrist shot by Markus Naslund.
1:02 of 2nd period - Deflect By Brendan Morrison.
1:02 of 2nd period - Stopped by Jimmy Howard without a rebound.
1:03 of 2nd period - Brendan Morrison wins face-off versus Marian Hossa in Devils zone.
1:28 of 2nd period - Backhand shot by Boyd Devereaux.
1:28 of 2nd period - Deflect By Niklas Sundstrom.
1:28 of 2nd period - Stopped by Jimmy Howard with a rebound.
2:06 of 2nd period - Michal Rozsival is hit by Chris Kunitz and loses puck.
2:21 of 2nd period - Wrist shot by Daniel Alfredsson.
2:21 of 2nd period - Shot Misses the Net.
2:37 of 2nd period - Raffi Torres is hit by Niclas Havelid and loses puck.
2:46 of 2nd period - Wrist shot by Kyle Calder.
2:46 of 2nd period - Shot Misses the Net.
2:54 of 2nd period - Kyle Calder is hit by Chris Pronger and loses puck.
3:47 of 2nd period - Snap shot by Boyd Devereaux.
3:47 of 2nd period - Stopped by Jimmy Howard without a rebound.
3:48 of 2nd period - Brendan Morrison wins face-off versus Anze Kopitar in Devils zone.
4:26 of 2nd period - Snap shot by Tomas Kopecky.
4:26 of 2nd period - Shot Blocked by Doug Weight.
4:46 of 2nd period - Snap shot by Mats Sundin.
4:46 of 2nd period - Deflect By Chris Simon.
4:46 of 2nd period - Stopped by Jimmy Howard without a rebound.
4:47 of 2nd period - Anze Kopitar wins face-off versus Brendan Morrison in Devils zone.
5:28 of 2nd period - Mats Sundin is hit by Chris Kunitz and loses puck.
6:58 of 2nd period - Snap shot by Sergei Zubov.
6:58 of 2nd period - Shot Blocked by Michal Rozsival.
7:04 of 2nd period - Greg De Vries is hit by Dominic Moore and loses puck.
8:29 of 2nd period - Snap shot by Jason Williams.
8:29 of 2nd period - Stopped by Niklas Backstrom without a rebound.
8:30 of 2nd period - Anze Kopitar wins face-off versus Brendan Morrison in Sabres zone.
9:07 of 2nd period - Slapshot by Jason Smith.
9:07 of 2nd period - Shot Blocked by Marian Hossa.
9:52 of 2nd period - Wrist shot by Brendan Morrison.
9:52 of 2nd period - Stopped by Jimmy Howard without a rebound.
9:53 of 2nd period - Anze Kopitar wins face-off versus Brendan Morrison in Devils zone.
10:08 of 2nd period - Wrist shot by Anze Kopitar.
10:08 of 2nd period - Stopped by Niklas Backstrom without a rebound.
10:09 of 2nd period - Mats Sundin wins face-off versus Doug Weight in Sabres zone.
10:34 of 2nd period - Roman Hamrlik is hit by Markus Naslund and loses puck.
11:01 of 2nd period - Snap shot by Niklas Sundstrom.
11:01 of 2nd period - Deflect By Boyd Devereaux.
11:01 of 2nd period - Stopped by Jimmy Howard with a rebound.
11:34 of 2nd period - Jason Williams is hit by Dan McGillis and loses puck.
11:53 of 2nd period - Snap shot by Jason Williams.
11:53 of 2nd period - Shot Blocked by Brendan Morrison.
12:53 of 2nd period - Wrist shot by Markus Naslund.
12:53 of 2nd period - Shot Misses the Net.
12:55 of 2nd period - Slapshot by Niclas Havelid.
12:55 of 2nd period - Deflect By Brendan Morrison.
12:55 of 2nd period - Shot Blocked by Greg De Vries.
12:55 of 2nd period - Puck is out of play.
12:56 of 2nd period - Mats Sundin wins face-off versus Anze Kopitar in Devils zone.
12:57 of 2nd period - Slapshot by Daniel Alfredsson.
12:57 of 2nd period - Stopped by Jimmy Howard without a rebound.
12:58 of 2nd period - Daniel Alfredsson wins face-off versus Anze Kopitar in Devils zone.
13:03 of 2nd period - Wrist shot by Daniel Alfredsson.
13:03 of 2nd period - Shot Misses the Net.
13:16 of 2nd period - Icing by Mats Sundin.
13:17 of 2nd period - Doug Weight wins face-off versus Mats Sundin in Sabres zone.
14:11 of 2nd period - Boyd Devereaux is hit by Chris Kunitz and loses puck.
14:54 of 2nd period - Slapshot by Michal Rozsival.
14:54 of 2nd period - Stopped by Jimmy Howard with a rebound.
15:00 of 2nd period - Slapshot by Tomas Kopecky.
15:00 of 2nd period - Stopped by Jimmy Howard without a rebound.
15:01 of 2nd period - Brendan Morrison wins face-off versus Anze Kopitar in Devils zone.
15:54 of 2nd period - Off-side.
15:55 of 2nd period - Jason Williams wins face-off versus Daniel Cleary in neutral zone.
15:59 of 2nd period - Minor Penalty to Jason Williams for Holding.
16:00 of 2nd period - Doug Weight wins face-off versus Brendan Morrison in Devils zone.
16:09 of 2nd period - Wrist shot by Daniel Cleary.
16:09 of 2nd period - Stopped by Jimmy Howard with a rebound.
16:11 of 2nd period - Slapshot by Mattias Timander.
16:11 of 2nd period - Shot Blocked by Roman Hamrlik.
16:13 of 2nd period - Snap shot by Daniel Cleary.
16:13 of 2nd period - Stopped by Jimmy Howard with a rebound.
16:15 of 2nd period - Snap shot by Brendan Morrison.
16:15 of 2nd period - Stopped by Jimmy Howard without a rebound.
16:16 of 2nd period - Doug Weight wins face-off versus Mats Sundin in Devils zone.
17:13 of 2nd period - Greg De Vries is hit by Kyle Calder and loses puck.
17:59 of 2nd period - Penalty to Jason Williams is over, Jason Williams is back on ice.
18:40 of 2nd period - Off-side.
18:41 of 2nd period - Brendan Morrison wins face-off versus Jason Williams in neutral zone.
18:44 of 2nd period - Backhand shot by Jason Smith.
18:44 of 2nd period - Deflect By Markus Naslund.
18:44 of 2nd period - Shot Misses the Net.
18:44 of 2nd period - Puck is out of play.
18:45 of 2nd period - Brendan Morrison wins face-off versus Anze Kopitar in Devils zone.
18:56 of 2nd period - Niclas Havelid is hit by Henrik Zetterberg and loses puck.
19:11 of 2nd period - Mats Sundin is hit by Sergei Zubov and loses puck.
19:18 of 2nd period - Snap shot by Marian Hossa.
19:18 of 2nd period - Stopped by Niklas Backstrom with a rebound.
19:30 of 2nd period - Niklas Sundstrom is hit by Peter Prucha and loses puck.
19:42 of 2nd period - Icing by Dan McGillis.
19:43 of 2nd period - Niklas Sundstrom wins face-off versus Anze Kopitar in Sabres zone.
19:43 of 2nd period - Niklas Sundstrom is hit by Henrik Zetterberg.
19:49 of 2nd period - Teemu Selanne is hit by Boyd Devereaux and loses puck.
19:58 of 2nd period - Wrist shot by Anze Kopitar.
19:58 of 2nd period - Stopped by Niklas Backstrom with a rebound.
3rd period
0:01 of 3rd period - Mats Sundin wins face-off versus Anze Kopitar in neutral zone.
0:14 of 3rd period - Slapshot by Mats Sundin.
0:14 of 3rd period - Shot Misses the Net.
0:16 of 3rd period - Snap shot by Daniel Alfredsson.
0:16 of 3rd period - Deflect By Chris Simon.
0:16 of 3rd period - Shot Blocked by Anze Kopitar.
0:16 of 3rd period - Puck is out of play.
0:17 of 3rd period - Brendan Morrison wins face-off versus Doug Weight in Devils zone.
0:18 of 3rd period - Snap shot by Michal Rozsival.
0:18 of 3rd period - Deflect By Markus Naslund.
0:18 of 3rd period - Stopped by Jimmy Howard with a rebound.
0:44 of 3rd period - Chris Simon is hit by Henrik Zetterberg and loses puck.
0:51 of 3rd period - Slapshot by Niclas Havelid.
0:51 of 3rd period - Shot Misses the Net.
1:03 of 3rd period - Slapshot by Sergei Zubov.
1:03 of 3rd period - Stopped by Niklas Backstrom with a rebound.
2:11 of 3rd period - Off-side.
2:12 of 3rd period - Anze Kopitar wins face-off versus Mats Sundin in neutral zone.
2:15 of 3rd period - Snap shot by Teemu Selanne.
2:15 of 3rd period - Stopped by Niklas Backstrom without a rebound.
2:16 of 3rd period - Anze Kopitar wins face-off versus Brendan Morrison in Sabres zone.
2:19 of 3rd period - Wrist shot by Henrik Zetterberg.
2:19 of 3rd period - Shot Misses the Net.
2:46 of 3rd period - Wrist shot by Mats Sundin.
2:46 of 3rd period - Stopped by Jimmy Howard without a rebound.
2:47 of 3rd period - Doug Weight wins face-off versus Mats Sundin in Devils zone.
4:01 of 3rd period - Backhand shot by Mattias Timander.
4:01 of 3rd period - Stopped by Jimmy Howard with a rebound.
4:03 of 3rd period - Wrist shot by Kyle Calder.
4:03 of 3rd period - Stopped by Jimmy Howard with a rebound.
5:12 of 3rd period - Snap shot by Niklas Sundstrom.
5:12 of 3rd period - Shot Misses the Net.
5:14 of 3rd period - Snap shot by Kyle Calder.
5:14 of 3rd period - Stopped by Jimmy Howard without a rebound.
5:15 of 3rd period - Anze Kopitar wins face-off versus Brendan Morrison in Devils zone.
5:41 of 3rd period - Snap shot by Peter Prucha.
5:41 of 3rd period - Shot Misses the Net.
5:43 of 3rd period - Snap shot by Chris Kunitz.
5:43 of 3rd period - Stopped by Niklas Backstrom with a rebound.
5:58 of 3rd period - Icing by Michal Rozsival.
5:59 of 3rd period - Mats Sundin wins face-off versus Jason Williams in Sabres zone.
6:50 of 3rd period - Slapshot by Chris Kunitz.
6:50 of 3rd period - Stopped by Niklas Backstrom without a rebound.
6:51 of 3rd period - Olli Jokinen wins face-off versus Brendan Morrison in Sabres zone.
6:52 of 3rd period - Wrist shot by Chris Kunitz.
6:52 of 3rd period - Stopped by Niklas Backstrom with a rebound.
7:12 of 3rd period - Daniel Cleary is hit by Richard Matvichuk and loses puck.
7:34 of 3rd period - Backhand shot by Brendan Morrison.
7:34 of 3rd period - Shot Blocked by Chris Kunitz.
7:44 of 3rd period - Backhand shot by Brendan Morrison.
7:44 of 3rd period - Stopped by Jimmy Howard without a rebound.
7:45 of 3rd period - Mats Sundin wins face-off versus Anze Kopitar in Devils zone.
7:56 of 3rd period - Snap shot by Mats Sundin.
7:56 of 3rd period - Stopped by Jimmy Howard with a rebound.
8:35 of 3rd period - Jason Williams is hit by Kyle Calder and loses puck.
8:44 of 3rd period - Snap shot by Niklas Sundstrom.
8:44 of 3rd period - Stopped by Jimmy Howard with a rebound.
8:56 of 3rd period - Slapshot by Ben Lovejoy.
8:56 of 3rd period - Deflect By Henrik Zetterberg.
8:56 of 3rd period - Shot Misses the Net.
8:56 of 3rd period - Puck is out of play.
8:57 of 3rd period - Mats Sundin wins face-off versus Teemu Selanne in Sabres zone.
9:14 of 3rd period - Wrist shot by Anze Kopitar.
9:14 of 3rd period - Stopped by Niklas Backstrom with a rebound.
9:24 of 3rd period - Michal Rozsival is hit by Peter Prucha and loses puck.
9:37 of 3rd period - Wrist shot by Olli Jokinen.
9:37 of 3rd period - Goal by Olli Jokinen - Devils : 2 - Sabres : 2.
9:38 of 3rd period - Anze Kopitar wins face-off versus Brendan Morrison in neutral zone.
10:06 of 3rd period - Off-side.
10:07 of 3rd period - Boyd Devereaux wins face-off versus Ramzi Abid in neutral zone.
10:45 of 3rd period - Slapshot by Niclas Havelid.
10:45 of 3rd period - Shot Blocked by Greg De Vries.
10:47 of 3rd period - Snap shot by Boyd Devereaux.
10:47 of 3rd period - Stopped by Jimmy Howard with a rebound.
10:49 of 3rd period - Backhand shot by Niklas Sundstrom.
10:49 of 3rd period - Stopped by Jimmy Howard without a rebound.
10:50 of 3rd period - Brendan Morrison wins face-off versus Anze Kopitar in Devils zone.
11:14 of 3rd period - Icing by Michal Rozsival.
11:15 of 3rd period - Doug Weight wins face-off versus Mats Sundin in Sabres zone.
11:18 of 3rd period - Slapshot by Ramzi Abid.
11:18 of 3rd period - Stopped by Niklas Backstrom without a rebound.
11:19 of 3rd period - Doug Weight wins face-off versus Chris Simon in Sabres zone.
11:22 of 3rd period - Slapshot by Doug Weight.
11:22 of 3rd period - Stopped by Niklas Backstrom without a rebound.
11:23 of 3rd period - Anze Kopitar wins face-off versus Mats Sundin in Sabres zone.
11:28 of 3rd period - Wrist shot by Anze Kopitar.
11:28 of 3rd period - Shot Blocked by Chris Simon.
13:36 of 3rd period - Snap shot by Markus Naslund.
13:36 of 3rd period - Shot Blocked by Richard Matvichuk.
13:38 of 3rd period - Wrist shot by Brendan Morrison.
13:38 of 3rd period - Shot Misses the Net.
13:40 of 3rd period - Slapshot by Michal Rozsival.
13:40 of 3rd period - Shot Misses the Net.
13:52 of 3rd period - Snap shot by Boyd Devereaux.
13:52 of 3rd period - Shot Blocked by Roman Hamrlik.
13:54 of 3rd period - Wrist shot by Jason Smith.
13:54 of 3rd period - Shot Blocked by Richard Matvichuk.
13:56 of 3rd period - Snap shot by Niklas Sundstrom.
13:56 of 3rd period - Stopped by Jimmy Howard without a rebound.
13:57 of 3rd period - Boyd Devereaux wins face-off versus Jason Williams in Devils zone.
14:02 of 3rd period - Snap shot by Boyd Devereaux.
14:02 of 3rd period - Deflect By Kyle Calder.
14:02 of 3rd period - Shot Blocked by Radek Dvorak.
14:02 of 3rd period - Puck is out of play.
14:03 of 3rd period - Mats Sundin wins face-off versus Anze Kopitar in Devils zone.
14:04 of 3rd period - Snap shot by Daniel Alfredsson.
14:04 of 3rd period - Goal by Daniel Alfredsson - Devils : 2 - Sabres : 3.
14:05 of 3rd period - Mats Sundin wins face-off versus Anze Kopitar in neutral zone.
14:36 of 3rd period - Slapshot by Jason Smith.
14:36 of 3rd period - Shot Blocked by Chris Pronger.
14:56 of 3rd period - Backhand shot by Radek Dvorak.
14:56 of 3rd period - Deflect By Raffi Torres.
14:56 of 3rd period - Shot Misses the Net.
14:56 of 3rd period - Puck is out of play.
14:57 of 3rd period - Dominic Moore wins face-off versus Jason Williams in Sabres zone.
15:12 of 3rd period - Slapshot by Sergei Zubov.
15:12 of 3rd period - Deflect By Raffi Torres.
15:12 of 3rd period - Shot Blocked by Mattias Timander.
15:12 of 3rd period - Puck is out of play.
15:13 of 3rd period - Anze Kopitar wins face-off versus Boyd Devereaux in Sabres zone.
15:43 of 3rd period - Minor Penalty to Olli Jokinen for Interference.
15:44 of 3rd period - Mats Sundin wins face-off versus Doug Weight in Devils zone.
15:51 of 3rd period - Snap shot by Daniel Alfredsson.
15:51 of 3rd period - Shot Misses the Net.
16:09 of 3rd period - Roman Hamrlik is hit by Daniel Cleary and loses puck.
16:30 of 3rd period - Mats Sundin is hit by Anze Kopitar.
17:40 of 3rd period - Jason Smith is hit by Henrik Zetterberg and loses puck.
17:43 of 3rd period - Penalty to Olli Jokinen is over, Olli Jokinen is back on ice.
17:47 of 3rd period - Snap shot by Olli Jokinen.
17:47 of 3rd period - Shot Misses the Net.
17:49 of 3rd period - Slapshot by Sergei Zubov.
17:49 of 3rd period - Stopped by Niklas Backstrom without a rebound.
17:50 of 3rd period - Marian Hossa wins face-off versus Dominic Moore in Sabres zone.
17:51 of 3rd period - Wrist shot by Ramzi Abid.
17:51 of 3rd period - Stopped by Niklas Backstrom with a rebound.
18:09 of 3rd period - Anze Kopitar is hit by Dan McGillis.
18:10 of 3rd period - Anze Kopitar from Devils is injured at 18:10 of 3rd period (Sprained Right Finger).
18:11 of 3rd period - Olli Jokinen wins face-off versus Boyd Devereaux in Devils zone.
18:45 of 3rd period - Wrist shot by Jason Smith.
18:45 of 3rd period - Stopped by Jimmy Howard without a rebound.
18:46 of 3rd period - Mike Keenan call a timeout for Devils.
18:46 of 3rd period - Mats Sundin wins face-off versus Olli Jokinen in Devils zone.
19:09 of 3rd period - Daniel Alfredsson is hit by Henrik Zetterberg and loses puck.
19:15 of 3rd period - Minor Penalty to Marian Hossa for Roughing.
19:16 of 3rd period - Doug Weight wins face-off versus Brendan Morrison in Devils zone.
Output by the SimonT Hockey Simulator (STHS) for François Prévost -- Original Page W3C XHTML 1.0 Valid